 Dungeon Crawl Stone Soup version 0.16.0-17-g811c1d7 (webtiles) character file.

49 timbw the Ducker (level 3, -1/26 HPs)
             Began as a Minotaur Fire Elementalist on Mar 21, 2015.
             Was an Initiate of Okawaru.
             Slain by a rat (3 damage)
             ... on level 3 of the Dungeon.
             The game lasted 00:01:35 (671 turns).

timbw the Ducker (Minotaur Fire Elementalist)        Turns: 671, Time: 00:01:35

Health: -1/26      AC:  6    Str: 13    XL:     3   Next: 51%
Magic:  3/3        EV: 10    Int: 12    God:    Okawaru [......]
Gold:   91         SH:  0    Dex: 10    Spells: 1 memorised, 3 levels left

rFire  . . .     SeeInvis .     (no weapon)
rCold  . . .     Clarity  .     g - +0 scale mail
rNeg   . . .     SustAb   .     (no shield)
rPois  .         Gourm    .     (helmet restricted)
rElec  .         Spirit   .     (no cloak)
rCorr  .         Warding  .     (no gloves)
rMut   .         Stasis   .     (no boots)
MR     .....                    (no amulet)
Stlth  ..........               (no ring)
                                (no ring)

@: lethally poisoned (-1 -> -3), flying, very slightly contaminated, hasted,
very quick, not resistant to hostile enchantments, extremely unstealthy
A: retaliatory headbutt, horns 2
a: Renounce Religion


You were on level 3 of the Dungeon.
You worshipped Okawaru.
Okawaru was noncommittal.
You were not hungry.

You visited 1 branch of the dungeon, and saw 3 of its levels.

You collected 91 gold pieces.

Inventory:

Armour
 a - a +0 robe
 g - a +0 scale mail (worn)
Scrolls
 e - 2 scrolls of enchant weapon {unknown}
 f - 2 scrolls of remove curse {unknown}
 h - a scroll of enchant armour {unknown}
 i - a scroll of immolation {unknown}
 j - 2 scrolls of teleportation {unknown}
 l - a scroll of identify {unknown}
Books
 b - a book of Flames

   Spells                             Type                      Level
   a - Flame Tongue                   Conjuration/Fire             1
   b - Throw Flame                    Conjuration/Fire             2
   c - Conjure Flame                  Conjuration/Fire             3
   d - Inner Flame                    Hexes/Fire                   3
   e - Sticky Flame                   Conjuration/Fire             4
   f - Fireball                       Conjuration/Fire             5
Comestibles
 c - a bread ration


   Skills:
 + Level 4.3 Dodging
 - Level 1.5 Stealth
 - Level 1.3 Spellcasting
 - Level 0.6 Conjurations
 - Level 2.1 Fire Magic


You had 3 spell levels left.
You knew the following spells:

 Your Spells              Type           Power        Failure   Level  Hunger
a - Flame Tongue          Conj/Fire      #....        85%         1    ##.....


Dungeon Overview and Level Annotations

Branches:
Dungeon (3/15)

Altars:
Okawaru


Innate Abilities, Weirdness & Mutations

You reflexively headbutt those who attack you in melee.
You have a pair of horns on your head.


Message History

You feel very buoyant.
You fly up into the air.
* * * LOW HITPOINT WARNING * * *
You feel sick.
Found an escape hatch in the floor.
* * * LOW HITPOINT WARNING * * *
You feel sick.
A rat comes into view.
* * * LOW HITPOINT WARNING * * *
You feel sick.
You hit the rat but do no damage.
Unknown command.
You hit the rat but do no damage. The rat bites you but does no damage.
The rat bites you but does no damage.
There is an escape hatch in the floor here.
* * * LOW HITPOINT WARNING * * *
You feel sick.
You fly downwards.
The hatch slams shut behind you. The rat bites you.
You die...

#####.#
#.r...#
#@#####
#.# #.#
#.# #.#
#.. ###


You could see a rat.

Vanquished Creatures
  2 adders (D:2)
  3 giant geckos
  5 bats
  2 giant cockroaches (D:1)
  2 hobgoblins (D:1)
  5 kobolds
  3 giant newts (D:1)
  3 goblins
  A rat (D:1)
26 creatures vanquished.

Notes
Turn   | Place    | Note
--------------------------------------------------------------
     0 | D:1      | timbw, the Minotaur Fire Elementalist, began the quest for the Orb.
     0 | D:1      | Reached XP level 1. HP: 14/14 MP: 2/2
     2 | D:1      | Noticed a naga
     4 | D:1      | Noticed a minotaur
     4 | D:1      | Noticed a felid
     6 | D:1      | Noticed a dwarf
     6 | D:1      | Noticed a tengu
     8 | D:1      | Noticed a spriggan
     8 | D:1      | Noticed a demigod
    10 | D:1      | Noticed a merfolk
    12 | D:1      | Noticed a human
    14 | D:1      | Noticed a troll
    16 | D:1      | Noticed a formicid
    18 | D:1      | Noticed a draconian
    18 | D:1      | Noticed a demonspawn
    20 | D:1      | Noticed a ghoul
    20 | D:1      | Noticed an ogre
    22 | D:1      | Noticed a gargoyle
    22 | D:1      | Noticed an octopode
    24 | D:1      | Noticed an elf
    24 | D:1      | Noticed a vine stalker
    26 | D:1      | Noticed a vampire
    26 | D:1      | Noticed a centaur
   141 | D:1      | Reached skill level 3 in Dodging
   141 | D:1      | Reached XP level 2. HP: 14/20 MP: 2/2
   382 | D:2      | Found an iron altar of Okawaru.
   408 | D:2      | Became a worshipper of Warmaster Okawaru
   505 | D:2      | Reached skill level 4 in Dodging
   505 | D:2      | Reached XP level 3. HP: 16/26 MP: 3/3
   671 | D:3      | Slain by a rat

Action                   || total
-------------------------++-------
Melee: Unarmed           ||    89
  Use: Potion            ||     3
 Stab: Sleeping          ||     3
